 Dungeon Crawl Stone Soup version 0.28-a0-1493-g08698888e4 (webtiles) character file.

Game seed: 11425773210059459965

29 knot the Chopper (level 3, 29/29 HPs)
             Began as a Demonspawn Berserker on Jan 13, 2022.
             Was a Believer of Trog.
             Quit the game on level 1 of the Dungeon.
             The game lasted 00:00:33 (1056 turns).

knot the Chopper (Demonspawn Berserker)             Turns: 1056, Time: 00:00:33

Health: 29/29      AC:  2    Str: 17    XL:     3   Next: 1%
Magic:  3/3        EV: 12    Int: 10    God:    Trog [**....]
Gold:   13         SH:  0    Dex: 12    Spells: 2/2 levels left

rFire   . . .      SeeInvis .   a - +0 hand axe
rCold   . . .      Faith    .   (no shield)
rNeg    . . .      Spirit   .   b - +0 animal skin
rPois   .          Reflect  .   (no helmet)
rElec   .          Harm     .   (no cloak)
rCorr   .          Rampage  .   (no gloves)
Will    .....                   (no boots)
Stlth   +.........              (no amulet)
HPRegen 0.09/turn               (no ring)
MPRegen 0.16/turn               (no ring)

@: no status effects
A: magic regeneration, sanguine armour 1
a: Renounce Religion, Berserk, Trog's Hand


You were on level 1 of the Dungeon.
You worshipped Trog.
Trog was pleased with you.
You visited 1 branch of the dungeon, and saw 1 of its levels.

You collected 13 gold pieces.

Inventory:

Hand Weapons
 a - a +0 hand axe (weapon)
Missiles
 d - 23 stones (quivered)
 g - 6 atropa-tipped darts
Armour
 b - a +0 animal skin (worn)
Scrolls
 c - a scroll of teleportation {unknown}
Potions
 e - a potion of attraction {unknown}
 f - a potion of heal wounds {unknown}
 h - a potion of haste {unknown}


   Skills:
 - Level 3.0 Fighting
 + Level 3.8 Axes
 - Level 1.7 Armour
 - Level 1.7 Dodging


You had 2 spell levels left.
You didn't know any spells.
Your spell library contained the following spells:

 Spells                   Type           Power      Damage    Failure   Level
 Sting                    Tmut/Pois      0%         1d3       36%         1
 Poisonous Vapours        Pois/Air       0%         N/A       50%         2
 Olgreb's Toxic Radiance  Pois           0%         N/A       98%         4


Dungeon Overview and Level Annotations

Branches:
Dungeon (1/15)

Altars:


Innate Abilities, Weirdness & Mutations

You regenerate magic rapidly.
When seriously injured, your blood forms armour. (AC +0)


Message History

The rat barely misses you.
A rat is nearby!
You slash the rat!
You kill the rat!
Trog accepts your kill.
No target in view!
No target in view!
You see here a rat corpse.
You see here a rat corpse.
Key pressed, stopping explore.
No target in view!
You now have 13 gold pieces (gained 5).
h - a sedimented sapphire potion No target in view! 2 jackals come into view.
The jackal barks!
The jackal barks!
You hit the jackal.
The jackal is almost dead.
The jackal barely misses you.
You barely miss the jackal.
The jackal is almost dead.
You hit the jackal.
The jackal bites you but does no damage.
The jackal closely misses you. The jackal bites you.
The jackal barely misses you.
You hit the jackal.
You kill the jackal!
Trog accepts your kill.
You hit the jackal.
You kill the jackal!
Trog accepts your kill.
You can now call upon Trog for regeneration and willpower.
You have reached level 3!
Your experience leads to an increase in your attributes!
Increase (S)trength, (I)ntelligence, or (D)exterity?
You feel clever. x2; Your demonic ancestry asserts itself...
You feel your blood ready itself to protect you.
Done exploring.
Are you sure you want to abandon this character and quit the game? (Confirm with "yes".)

........# ........#
########## ........#
#........# ........#
#..>.....# ........#
#........# ..#######
#........# ..#
#........# ..######
#........# ..##...##
#..@.....# .....#..##
#........#
...####..#####........#
..## ##..............#
..##
#########.#########
...# ####...#......>..#
...#
###..#.#.#######.#.#
...####.#.##.#### #.#.#
##......#.......##
###.#


There were no monsters in sight!

Vanquished Creatures
  2 endoplasms (D:1)
  A giant cockroach (D:1)
  2 goblins (D:1)
  3 hobgoblins (D:1)
  3 jackals (D:1)
  2 quokkas (D:1)
  2 ball pythons (D:1)
  A bat (D:1)
  2 frilled lizards (D:1)
  4 kobolds (D:1)
  5 rats (D:1)
27 creatures vanquished.

Notes
Turn   | Place    | Note
-------+----------+-------------------------------------------
     0 | D:1      | knot the Demonspawn Berserker began the quest for the Orb.
     0 | D:1      | Reached XP level 1. HP: 18/18 MP: 1/1
   244 | D:1      | Gained mutation: You regenerate magic rapidly. [demonic
                  | ancestry]
   244 | D:1      | Reached XP level 2. HP: 21/24 MP: 2/2
   998 | D:1      | Reached ** piety under Trog
   999 | D:1      | Gained mutation: When seriously injured, your blood forms
                  | armour. (AC +0) [demonic ancestry]
   999 | D:1      | Reached XP level 3. HP: 28/29 MP: 3/3
  1056 | D:1      | Quit the game

Illustrated notes

Levels and vault maps discovered:
D:1:      onia_arrival_mini_spirals, layout_basic, minmay_pentomino_x2

Skill      XL: |  1 |
---------------+----+-----
Axes           | 3 |  3.8
Fighting       | |  3.0
Armour         | |  1.7
Dodging        | |  1.7

Action                   || total
-------------------------++-------
Melee: Hand axe          ||    59
       Punch             ||     1
 Stab: Sleeping          ||     3
Armor: Animal skin       ||     7
Dodge: Dodged            ||    42

Table legend: (Time is in decaauts)
 A = Elapsed time spent in this place.
 B = Non-inter-level travel time spent in this place.
 C = Inter-level travel time spent in this place.
 D = Time resting spent in this place.
 E = Time spent auto-exploring this place.
 F = Levels seen in this place.
 G = Mean time per level.
                   A        B        C        D        E       F      G
               +--------+--------+--------+--------+--------+-----+--------+
         Total |   1063 |   1063 |      0 |    153 |    783 |   1 | 1063.0 |
       Dungeon |   1063 |   1063 |      0 |    153 |    783 |   1 | 1063.0 |
               +--------+--------+--------+--------+--------+-----+--------+

Top non-repeatable levels by time:
     D:1: 1063 daAuts
